 Dungeon Crawl Stone Soup version 0.30.0-29-ga12c61a403 (webtiles) character file.

Game seed: 17639133565571734188

116 Cheops the Digger (level 4, -3/35 HPs)
             Began as an Armataur Earth Elementalist on June 13, 2023.
             Slain by a black bear (6 damage)
             ... on level 3 of the Dungeon.
             The game lasted 00:05:53 (3126 turns).

Cheops the Digger (Armataur Earth Elementalist)     Turns: 3126, Time: 00:05:53

Health: -3/35      AC: 10    Str: 14    XL:     4   Next: 70%
Magic:  2/7        EV:  8    Int: 19    God:
Gold:   165        SH:  0    Dex: 10    Spells: 4/7 levels left

rFire   . . .        a - +1 dagger (protect)
rCold   . . .        (no shield)
rNeg    + . .        r - +5 ring mail of the Sun {Int+2}
rPois   .            (no helmet)
rElec   .            (no cloak)
rCorr   .            (no gloves)
SInv    .            (no barding)
Will    .....        (no amulet)
Stlth   +            u - ring of positive energy
HPRegen 0.25/turn    (no ring)
MPRegen 0.10/turn

%: roll
@: very slightly contaminated
A: large, rugged brown scales 3, deformed body, armoured tail, roll, long
tongue, awkward tongue
a: no special abilities


You were on level 3 of the Dungeon.
You visited 1 branch of the dungeon, and saw 3 of its levels.

You collected 165 gold pieces.

Inventory:

Hand Weapons
 a - a +1 dagger of protection (weapon)
 g - a +0 short sword
Armour
 r - the +5 ring mail of the Sun (worn) {Int+2}
   (You found it on level 2 of the Dungeon)

   Int:       It affects your intelligence (+2).
 v - a +0 robe
Magical Staves
 c - a staff of cold
 d - a staff of fire
Jewellery
 u - a ring of positive energy (left hand)
 y - a ring of resist corrosion
Scrolls
 f - a scroll of poison {unknown}
 h - a scroll of amnesia {unknown}
 i - 2 scrolls of teleportation {unknown}
 k - 3 scrolls of identify {unknown}
 m - a scroll of vulnerability {unknown}
 n - a scroll of silence {unknown}
 o - 5 scrolls of immolation {unknown}
 t - a scroll of acquirement {unknown}
Potions
 b - a potion of magic
 e - a potion of flight {unknown}
 j - a potion of berserk rage {unknown}
 l - a potion of brilliance {unknown}
 p - a potion of curing {unknown}
 q - a potion of ambrosia {unknown}
 s - a potion of attraction {unknown}
 w - a potion of lignification {unknown}
 x - a potion of invisibility {unknown}
 z - a potion of heal wounds {unknown}


   Skills:
 * Level 2.1 Armour
 - Level 1.3 Dodging
 + Level 3.2 Stealth
 * Level 2.3 Spellcasting
 - Level 0.8 Transmutations
 * Level 3.8 Earth Magic


You had 4 spell levels left.
You knew the following spells:

 Your Spells              Type           Power      Damage    Failure   Level
a - Sandblast             Erth           32%        2d9       7%          1
b - Passwall              Tmut/Erth      9%         N/A       19%         2

Your spell library contained the following spells:

 Spells                   Type           Power      Damage    Failure   Level
 Stone Arrow              Conj/Erth      18%        3d8       41%         3
 Dazzling Flash           Conj/Hex       4%         N/A       67%         3
 Volatile Blastmotes      Fire/Tloc      4%         2d10      67%         3
 Petrify                  Tmut/Erth      11%        N/A       77%         4
 Iskenderun's Mystic Bla  Conj/Tloc      2%         2d3       97%         4
 Metabolic Englaciation   Hex/Ice        1%         N/A       100%        5
 Starburst                Conj/Fire      1%         6d3       100%        6
 Statue Form              Tmut/Erth      7%         N/A       100%        6


Dungeon Overview and Level Annotations

Branches:
Dungeon (3/15)

Altars:
Ashenzari


Innate Abilities, Weirdness & Mutations

You are completely covered in rugged brown scales. (AC +3, +7% HP)
Armour fits poorly on your strangely shaped body.
You have a long armoured tail.
You roll when moving toward enemies. (Rampage)
Your long tongue fully drains potion bottles. (2x potion effects)
Your tongue gives you trouble enunciating. (1.5x scroll delay)


Message History

The blast of sand hits the black bear!
The black bear is severely wounded.
The black bear goes berserk!
Casting: Sandblast (safe; 7% risk of failure)
Confirm with . or Enter, or press ? or * to list all spells.
Aiming: Sandblast (safe; 7% risk of failure)
Press: ? - help, Shift-Dir - straight line, f/p - black bear
Aim: a black bear (severely wounded, berserk, 87% to hit)
The blast of sand misses the black bear.
The black bear bites you!
The black bear claws you but does no damage.
The black bear claws you.
Casting: Sandblast (safe; 7% risk of failure)
Confirm with . or Enter, or press ? or * to list all spells.
Aiming: Sandblast (safe; 7% risk of failure)
Press: ? - help, Shift-Dir - straight line, f/p - black bear
Aim: a black bear (severely wounded, berserk, 87% to hit)
You miscast Sandblast.
You are very lightly contaminated with residual magic.
Nothing appears to happen.
The black bear bites you.
* * * LOW HITPOINT WARNING * * *
The black bear claws you.
* * * LOW HITPOINT WARNING * * *
The black bear claws you but does no damage.
Casting: Sandblast (safe; 7% risk of failure)
Confirm with . or Enter, or press ? or * to list all spells.
Aiming: Sandblast (safe; 7% risk of failure)
Press: ? - help, Shift-Dir - straight line, f/p - black bear
Aim: a black bear (severely wounded, berserk, 87% to hit)
The blast of sand hits the black bear.
The black bear is severely wounded.
The black bear bites you.
* * * LOW HITPOINT WARNING * * *
The black bear completely misses you. The black bear claws you.
* * * LOW HITPOINT WARNING * * *
The black bear barely misses you. The black bear misses you.
The black bear barely misses you. The black bear bites you.
* * * LOW HITPOINT WARNING * * *
The black bear completely misses you. The black bear claws you.
You die...

...# #..# #..# #..###
#....## #.#...## ###
#......# #.# ###....#
.#######.###
##.#.........h@...#
#.##############.#
#.# #.# #.#########
#.# #.........# #.#
#########.# #†#
#####........# #.#
...##.#############.#
##.##.# #.......#


You could see a black bear (berserk).

Vanquished Creatures
  A scorpion (D:3)
  An adder (D:3)
  A worm (D:3)
  6 orcs (D:3)
  2 endoplasms
  2 giant cockroaches
  4 goblins
  8 hobgoblins
  3 kobolds
  2 quokkas
  4 ball pythons
  3 frilled lizards (D:1)
  2 rats
39 creatures vanquished.

Notes
Turn   | Place    | Note
-------+----------+-------------------------------------------
     0 | D:1      | Cheops the Armataur Earth Elementalist began the quest for
                  | the Orb.
     0 | D:1      | Reached XP level 1. HP: 14/14 MP: 3/3
   303 | D:1      | Reached XP level 2. HP: 21/21 MP: 2/4
  1216 | D:2      | Found a broken altar of Ashenzari.
  1436 | D:2      | Identified the +5 ring mail of the Sun {Int+2}
  2011 | D:2      | Learned a level 2 spell: Passwall
  2346 | D:3      | Reached XP level 3. HP: 23/27 MP: 2/5
  2549 | D:3      | Reached skill level 1 in Armour
  2739 | D:3      | Noticed a scorpion
  2746 | D:3      | Killed a scorpion
  2747 | D:3      | Reached XP level 4. HP: 23/35 MP: 0/7
  3119 | D:3      | Noticed a black bear
  3126 | D:3      | Slain by a black bear

Illustrated notes

Levels and vault maps discovered:
D:1:      matt_arrival_grand_opening, layout_basic
D:2:      layout_rooms, basic_altar, dreamdust_mushroom_princess, dk_vineyard_3,
          serial_bayou_lagoon_a, amcnicky_mini_pool_small, grunt_decor_junction
D:3:      layout_loops_ring, mainiacjoe_overflow_divided_tiny,
          minmay_misc_feat_five, guppyfry_early_orc_mine

Skill      XL: |  1  2  3 |
---------------+----------+-----
Earth Magic    | 3 |  3.8
Armour         | 2 |  2.1
Spellcasting   | 2 |  2.3
Stealth        | 3 |  3.2
Dodging        | |  1.3
Transmutations | |  0.8

Action                     |  1- 3 |  4- 6 || total
---------------------------+-------+-------++-------
  Melee: Dagger            |    29 |       ||    29
         Tailslap          |     2 |       ||     2
   Cast: Sandblast         |    55 |    12 ||    67
 Armour: Robe              |     2 |       ||     2
         Ring mail         |    21 |     2 ||    23
  Dodge: Dodged            |    21 |     6 ||    27
